Match 42230836
Unlisted

Match 42230836
End
Kettenkrad Recon Vehicle
Construct Infanterie Kompanie
MG 42 Machine Gun Team
Pioneer Squad
GrW 34 Mortar Team
Grenadier Squad
Construct Panzergrenadier Kompanie
251 Medium Carrier
Selects Italian Coastal Battlegroup
Selects Coastal Reserves
Selects Artillery Officer
Artillery Officer
Selects Support Bunkers
Coastal Reserve
Coastal Reserve
Coastal Reserve
Construct Panzer Kompanie
Construct Luftwaffe Kompanie
Selects Obice da 210/22 Artillery Emplacement
Selects Designated Artillery Overwatch
Selects Bulwark
Designated Artillery Overwatch
[HAN]Diederick Kastner
宝多六花
宇杰
帝国の突撃隊
Mok
Guerrero de Dios
XezoStaParka
五星上将麦克阿瑟
0
0

Comments sign in to comment!

No comments posted yet!